 Dungeon Crawl Stone Soup version 0.26-a0-844-g3dd439832f (webtiles) character file.

Game seed: 15994154847503099065

434 pablito the Insei (level 7, 0/67 HPs)
             Began as an Octopode Transmuter on Nov 18, 2020.
             Slain by an orc
             ... wielding a +0 flail
              (6 damage)
             ... on level 4 of the Dungeon.
             The game lasted 00:17:11 (3918 turns).

pablito the Insei (Octopode Transmuter)             Turns: 3918, Time: 00:17:12

Health: 0/67       AC:  2    Str:  9    XL:     7   Next: 0%
Magic:  7/10       EV: 28    Int: 16    God:
Gold:   179        SH:  5    Dex: 19    Spells: 6/10 levels left

rFire    . . .     SeeInvis .     - Unarmed
rCold    . . .     Faith    .   (shield currently unavailable)
rNeg     . . .     Spirit   .   (helmet currently unavailable)
rPois    x         Reflect  +   d - amulet of reflection
rElec    .         Harm     .   h - +4 ring of evasion
rCorr    .         Rampage  .   f - +4 ring of evasion
MR       .....                  (no ring)
Stlth    ..........             (no ring)
HPRegen  0.21/turn              (no ring)
MPRegen  0.12/turn              (no ring)
                                (no ring)
                                (no ring)

@: berserking (expiring), spider-form (expiring), very quick
A: tiny, almost no armour, stealthy swim, (amphibious), 8 rings, (constrict 8)
a: End Transformation


You were on level 4 of the Dungeon.
You were a venomous arachnid creature.
You visited 1 branch of the dungeon, and saw 4 of its levels.

You collected 179 gold pieces.

Inventory:

Hand Weapons
 c - a +0 dagger
Jewellery
 d - an amulet of reflection (around neck)
 f - a +4 ring of evasion (right front leg)
 h - a +4 ring of evasion (left front leg)
Scrolls
 j - a scroll of amnesia
 l - 2 scrolls of identify
 p - 4 scrolls of teleportation
 s - a scroll of remove curse
Potions
 a - 2 potions of cancellation {unknown}
 b - a potion of lignification {unknown}
 g - a potion of resistance {unknown}
 i - a potion of attraction {unknown}
 k - 3 potions of haste {unknown}
 m - a potion of brilliance {unknown}
 n - a potion of mutation {unknown}
 r - a potion of heal wounds {unknown}


   Skills:
 + Level 2.6 Fighting
 + Level 2.5 Dodging
 + Level 3.2 Stealth
 * Level 4.7 Unarmed Combat
 - Level 2.0 Spellcasting
 * Level 4.3 Transmutations
 + Level 1.4 Poison Magic


You had 6 spell levels left.
You knew the following spells:

 Your Spells              Type           Power        Failure   Level
a - Beastly Appendage     Tmut           ###...       12%         1
b - Spider Form           Tmut/Pois      ##........   38%         3

Your spell library contained the following spells:

 Spells                   Type           Power        Failure   Level
 Wereblood                Tmut           ###.....     16%         2
 Ice Form                 Ice/Tmut       #.......     82%         4
 Blade Hands              Tmut           ###.......   85%         5


Dungeon Overview and Level Annotations

Branches:
Dungeon (4/15)
 Temple: D:4-7

Altars:


Innate Abilities, Weirdness & Mutations

You cannot wear most types of armour.
You are very stealthy in the water. (Stealth+)
((You are amphibious.))
You can wear up to eight rings at the same time.
((You can use your tentacles to constrict eight enemies at once.))
((Your skin changes colour to match your surroundings (Stealth+).))
((Your rubbery body absorbs attacks. (AC +1, EV +1)))


Message History

The orc priest invokes the aid of Beogh against you.
Pain shoots through your body! The orc completely misses you.
The jackal completely misses you.
You kill the orc priest! x2
You block the orc's attack.
The orc priest invokes the aid of Beogh against you.
Beogh smites you!
* * * LOW HITPOINT WARNING * * *
You have reached level 7!
Okay, then.
A red film seems to cover your vision as you go berserk!
You feel yourself moving faster!
You feel mighty! The orc completely misses you. You block the jackal's attack.
The jackal barely misses you. The orc misses you.
You feel a strong urge to attack something.
You hear the hiss of a very distant avalanche of sand.
You bite the jackal!
You kill the jackal!
The orc hits you with a +0 flail.
You die...

## .# . .##.##.........
...........#.#.# ..#
........B....... #..##.
...........#.#.. ......
>............... #.....#
##....#.#...##..####.....#
.................oBo.....#
................s.h).....#
................##Zo[....##
.# #..........##........
#..#.#..............
.##............#..#..
.....#.#...##..##.....
#.........####.# ##.. ...#
#.......## ### .
....###....[..###


You could see a worker ant, an orc priest, 2 orcs, a jackal and an adder
skeleton.

Vanquished Creatures
  An ogre (D:4)
  A water moccasin skeleton (D:2)
  A howler monkey (D:4)
  A hound (D:4)
  2 orc priests (D:4)
  Jessica (D:3)
  4 adders
  5 oozes
  A worm (D:2)
  3 dart slugs
  2 leopard geckos
  7 orcs (D:3)
  2 ball pythons (D:1)
  4 giant cockroaches
  11 goblins
  9 hobgoblins
  5 jackals
  7 bats
  5 frilled lizards
  8 kobolds
  4 rats
84 creatures vanquished.

Vanquished Creatures (others)
  4 plants (D:2)
4 creatures vanquished.

Grand Total: 88 creatures vanquished

Notes
Turn   | Place    | Note
-------+----------+-------------------------------------------
     0 | D:1      | pablito the Octopode Transmuter began the quest for the
                  | Orb.
     0 | D:1      | Reached XP level 1. HP: 13/13 MP: 3/3
     2 | D:1      | Noticed a ghoul
     2 | D:1      | Noticed a troll
     4 | D:1      | Noticed a vine stalker
     4 | D:1      | Noticed a demonspawn
     6 | D:1      | Noticed a minotaur
     6 | D:1      | Noticed a gargoyle
     8 | D:1      | Noticed a human
     8 | D:1      | Noticed a draconian
    10 | D:1      | Noticed an octopode
    12 | D:1      | Noticed a formicid
    12 | D:1      | Noticed an elf
    14 | D:1      | Noticed a vampire
    14 | D:1      | Noticed a felid
    16 | D:1      | Noticed an ogre
    18 | D:1      | Noticed a tengu
    18 | D:1      | Noticed a centaur
    20 | D:1      | Noticed a spriggan
    22 | D:1      | Noticed a demigod
    22 | D:1      | Noticed a merfolk
    24 | D:1      | Noticed a naga
    72 | D:1      | Noticed a dwarf
    72 | D:1      | Noticed a halfling
   301 | D:1      | Reached XP level 2. HP: 16/18 MP: 3/5
   579 | D:1      | Reached skill level 1 in Stealth
   770 | D:1      | Reached XP level 3. HP: 10/23 MP: 4/6
  1431 | D:2      | Reached XP level 4. HP: 22/29 MP: 7/7
  1814 | D:2      | Reached XP level 5. HP: 12/34 MP: 8/8
  2764 | D:3      | Noticed Jessica
  2773 | D:3      | Killed Jessica
  3182 | D:3      | Learned a level 3 spell: Spider Form
  3767 | D:4      | Noticed an ogre
  3791 | D:4      | Killed an ogre
  3792 | D:4      | Reached skill level 1 in Poison Magic
  3792 | D:4      | Reached XP level 6. HP: 41/41 MP: 4/9
  3914 | D:4      | HP: 3/41 [orc priest/divine providence (11)]
  3915 | D:4      | Reached XP level 7. HP: 3/45 MP: 7/10
  3918 | D:4      | Slain by an orc

Illustrated notes

Levels and vault maps discovered:
D:1:      kb_arrival_jail, layout_basic, minivault_25
D:2:      minmay_spotlight, layout_basic, serial_bayou, serial_bayou_crossing,
          serial_bayou_shore_b, serial_bayou_shore_b, serial_bayou_pond_d,
          hangedman_decor_clover_reticule
D:3:      layout_loops_corners, uniq_jessica
D:4:      layout_cave_pools, lemuel_doored_altar, serial_glass, glass_columns_b,
          glass_columns_a, glass_columns_b, glass_columns_c, glass_columns_a,
          glass_columns_c, glass_columns_a, glass_columns_b, glass_columns_b,
          glass_columns_c, enter_ossuary_4, uniq_duvessa, uniq_menkaure

Skill      XL: |  1  2  3  4  5  6 |
---------------+-------------------+-----
Stealth        | 1 2 3 |  3.2
Transmutations | 3 4 |  4.3
Fighting       | 2 |  2.6
Unarmed Combat | 4 |  4.7
Poison Magic   | 1 |  1.4
Dodging        | |  2.5
Spellcasting   | |  2.0

Action                   |  1- 3 |  4- 6 |  7- 9 || total
-------------------------+-------+-------+-------++-------
Melee: Unarmed           |    71 |   111 |     1 ||   183
       Constrict         |    19 |    27 |       ||    46
       Tentacles         |    10 |    12 |       ||    22
       Kick              |    16 |    19 |       ||    35
       Punch             |     2 |       |       ||     2
       Dagger            |     1 |     8 |       ||     9
 Cast: Beastly Appendage |    15 |    16 |       ||    31
       Spider Form       |       |     3 |       ||     3
  Use: Scroll            |     4 |     4 |       ||     8
       Potion            |       |       |     1 ||     1
 Stab: Sleeping          |     3 |     3 |       ||     6
Armor: Skin              |     7 |     4 |       ||    11
Dodge: Dodged            |    50 |    77 |     3 ||   130
Block: Other             |       |    15 |     1 ||    16
       Reflection        |       |     1 |       ||     1

Table legend: (Time is in decaauts)
 A = Elapsed time spent in this place.
 B = Non-inter-level travel time spent in this place.
 C = Inter-level travel time spent in this place.
 D = Time resting spent in this place.
 E = Time spent auto-exploring this place.
 F = Levels seen in this place.
 G = Mean time per level.
                   A        B        C        D        E       F      G
               +--------+--------+--------+--------+--------+-----+--------+
         Total |   3894 |   3735 |    159 |    131 |   2803 |   4 |  973.5 |
       Dungeon |   3894 |   3735 |    159 |    131 |   2803 |   4 |  973.5 |
               +--------+--------+--------+--------+--------+-----+--------+

Top non-repeatable levels by time:
     D:2: 1339 daAuts
     D:3: 1221 daAuts
     D:1: 1182 daAuts
     D:4: 151 daAuts
